 Dungeon Crawl Stone Soup version 0.17.1-1-g73c8601 (webtiles) character file.

65817 Mysteryquy the Severer (level 14, -1/106 HPs)
             Began as a Demonspawn Berserker on Jan 9, 2016.
             Was the Champion of Trog.
             Slain by a redback (9 damage)
             ... led by a torpor snail
             ... on level 2 of the Spider Nest.
             The game lasted 01:01:52 (26584 turns).

Mysteryquy the Severer (Demonspawn Berserker)      Turns: 26584, Time: 01:01:52

Health: -1/106     AC: 19    Str: 21      XL:     14   Next: 76%
Magic:  14/14      EV: 11    Int:  8 (11) God:    Trog [******]
Gold:   1241       SH:  6    Dex: 21      Spells: 0 memorised, 13 levels left

rFire  . . .     SeeInvis .     A - +10 broad axe of Terra Nullius {freeze, Dex+6}
rCold  + . .     Clarity  .     t - +1 plate armour
rNeg   . . .     SustAt   .     I - +0 buckler
rPois  +         Gourm    .     (helmet restricted)
rElec  .         Spirit   .     (no cloak)
rCorr  +         Warding  .     V - +2 pair of gloves {Dex+3}
rMut   .         Stasis   .     l - +1 pair of boots
MR     +....                    q - amulet of resist corrosion
Stlth  ..........               W - ring of poison resistance
                                (no ring)

@: lethally poisoned (-1 -> -1), exhausted, slowed, repel missiles, very slow,
somewhat resistant to hostile enchantments, extremely unstealthy
A: antennae 1, repulsion field 3, breathe flames 1, cold resistance 1, demonic
guardian 2, evolution 1
a: Berserk, Trog's Hand, Brothers in Arms, Burn Spellbooks, Renounce Religion,
Breathe Fire


You were on level 2 of the Spider Nest.
You worshipped Trog.
Trog was exalted by your worship.
You were very hungry.

You visited 4 branches of the dungeon, and saw 21 of its levels.

You collected 1600 gold pieces.
You spent 359 gold pieces at shops.

Inventory:

Hand Weapons
 b - a +5 broad axe of flaming
 s - a +1 battleaxe of chopping
 A - the +10 broad axe of Terra Nullius (weapon) {freeze, Dex+6}
   (Trog gifted it to you on level 3 of the Lair of Beasts)

   It has been specially enchanted to freeze those struck by it, causing extra
   injury to most foes and up to half again as much damage against particularly
   susceptible opponents.
   It can also slow down cold-blooded creatures.
   It affects your dexterity (+6).
 S - a +5 antimagic battleaxe
Armour
 l - a +1 pair of boots (worn)
 t - a +1 plate armour (worn)
 I - a +0 buckler (worn)
 V - a +2 pair of gloves of dexterity (worn)
Jewellery
 a - a +2 ring of dexterity {unknown}
 q - an amulet of resist corrosion (around neck)
 v - an uncursed ring of protection from fire {unknown}
 R - an uncursed ring of positive energy {unknown}
 W - a ring of poison resistance (right hand)
Wands
 k - a wand of magic darts (43)
 o - a wand of cold (10)
 u - a wand of flame (48)
 x - a wand of fireball (7)
 y - a wand of disintegration (14)
 C - a wand of confusion (38)
 J - a wand of fireball (10)
 M - a wand of frost (18)
 P - a wand of magic darts (7)
Scrolls
 g - 2 scrolls of fog
 h - a scroll of blinking
 j - 14 scrolls of remove curse
 n - a scroll of brand weapon
 p - 4 scrolls of amnesia
 r - a scroll of enchant weapon
 D - 3 scrolls of recharging
 F - 8 scrolls of identify
 L - 6 scrolls of fear
 Q - 4 scrolls of teleportation
Potions
 e - 4 potions of heal wounds
 f - 4 potions of curing
 i - 2 potions of berserk rage {unknown}
 B - 3 potions of lignification
 G - a potion of mutation {unknown}
 H - a potion of cure mutation {unknown}
 K - a potion of resistance
 N - 3 potions of haste
 O - a potion of agility
 Y - 2 potions of brilliance
Comestibles
 c - 16 bread rations
 d - 10 beef jerkies
 m - 2 royal jellies
 w - 11 fruits
 z - 10 meat rations
 E - 5 slices of pizza


   Skills:
 + Level 8.5 Fighting
 + Level 19.8 Axes
 + Level 7.1 Armour
 - Level 1.7 Dodging
 - Level 6.0 Shields


You had 13 spell levels left.
You didn't know any spells.

Dungeon Overview and Level Annotations

Branches:
Dungeon (10/15)            Temple (1/1) D:7            Lair (8/8) D:10
  Swamp (0/4) Lair:3       Spider (2/4) Lair:4        Slime (0/6) Lair:6
    Orc: D:9-12

Altars:
Ashenzari
Cheibriados
Dithmenos
Elyvilon
Fedhas
Gozag
Kikubaaqudgha
Makhleb
Nemelex Xobeh
Okawaru
Qazlal
Ru
Sif Muna
Trog
Vehumet
Xom
Yredelemnul
Zin
The Shining One
Jiyva

Shops:
D:8 =   D:10 [

Portals:
Trove: D:10 (give +3 ice dragon armour)

Annotations:
Lair:2 Sonja
Lair:6 1 runed door


Innate Abilities, Weirdness & Mutations

You have a pair of small antennae on your head.
You are surrounded by a strong repulsion field (EV +4, rMsl).
Your flesh is cold resistant.
A demonic guardian rushes to your aid.
You can breathe flames.
You evolve.


Message History

Keep disrobing? [Y]es or [N]o only, please.
Keep disrobing? [Y]es or [N]o only, please.
Keep disrobing? [Y]es or [N]o only, please.
Keep disrobing? [Y]es or [N]o only, please.
Keep disrobing?
You stop removing your armour.
You feel sick.
You feel sick.
You feel sick.
You see here a jumping spider corpse.
You feel sick.
You feel sick. The redback bites you!
* * * LOW HITPOINT WARNING * * *
You slash the redback! You freeze the redback.
The redback is heavily wounded.
The redback bites you!
You die...

# ### ..#####.######
.#^..#...#.#.##### ###
.....†<......†!>(###.####...
.....†..(.......@s†.†....#
....................††?.....
............#....^..........
.....#....)#..#.........###^
...#..##......#........%.#
#.#### ##.....#..........#
## #..#.............#
.<^.........#..###


You could see a redback.

Vanquished Creatures
  Nessos (Lair:5)
  A fire dragon (Lair:8)
  Josephine (Lair:5)
  4 hydras
  A queen ant (Lair:1)
  A catoblepas (Lair:5)
  7 death yaks
  Urug (Lair:2)
  A necromancer (Spider:1)
  Pikel (D:7)
  3 wolf spider zombies (Spider:1)
  The ghost of PossumBlood the Cleaver, a novice MiFi of Okawaru (D:6)
  A lindwurm (Lair:8)
  5 griffons
  2 wolf spiders (Spider:2)
  3 elephants (Lair:7)
  5 black mambas
  The ghost of Mysteryquy the Magician, a novice GrEE of Sif Muna (D:5)
  3 torpor snails
  7 komodo dragons
  2 demonic crawlers (Spider:2)
  14 spiny frogs
  2 fire drakes
  A jumping spider (Spider:2)
  A troll (D:10)
  2 giant leeches (Lair:8)
  A merfolk (D:9)
  Prince Ribbit (D:5)
  A boulder beetle (Lair:8)
  2 two-headed ogres
  18 blink frogs
  2 tarantella zombies (Spider:1)
  3 tarantellas (Spider:2)
  Sigmund (D:3)
  55 yaks
  6 wraiths
  15 hippogriffs
  3 redbacks (Spider:2)
  2 steam dragons (Lair:8)
  A hungry ghost (D:9)
  A deep elf fighter (D:10)
  4 basilisks
  3 wyverns
  8 wolves
  Menkaure (D:7)
  6 swamp worms (Lair:3)
  7 porcupines
  2 mottled dragons (Lair:8)
  4 soldier ants (Lair:1)
  2 swamp drakes (Lair:8)
  21 water moccasins
  Duvessa (D:7)
  5 ice beasts
  A slave (D:6)
  7 spiders (Lair:4)
  A wasp (Lair:8)
  7 orc warriors
  2 black bears
  3 sky beasts
  5 ogres
  4 centaurs
  22 crocodiles
  5 brain worms (Lair:8)
  18 giant frogs
  A wyvern zombie (D:10)
  3 spider zombies (Spider:1)
  Dowan (D:7)
  5 scorpions
  A water moccasin skeleton (D:7)
  3 killer bees (D:10)
  2 electric eels
  3 crimson imps
  4 hounds
  4 wights (D:10)
  A centaur zombie (D:10)
  2 giant frog zombies
  A giant frog skeleton (D:6)
  4 orc wizards
  6 orc priests
  3 jellies
  A quasit (D:9)
  Terence (D:3)
  25 worker ants
  17 iguanas
  22 sheep
  A hound zombie (D:7)
  A hound skeleton (D:9)
  3 gnolls (D:3)
  16 adders
  3 worker ant zombies
  85 river rats
  2 shadow imps
  An ooze (D:4)
  An adder skeleton (D:6)
  3 adder zombies
  19 worms
  2 giant geckos
  41 orcs
  20 bats
  10 giant cockroaches
  8 hobgoblins
  17 jackals
  4 quokkas
  A ball python (D:2)
  3 giant newts
  8 goblins
  2 jackal skeletons
  4 kobolds (D:1)
  17 rats
  10 fungi
  10 plants
725 creatures vanquished.

Vanquished Creatures (collateral kills)
  A fire dragon (Lair:8)
  6 wolf spider zombies (Spider:1)
  3 torpor snails (Lair:8)
  A demonic crawler (Spider:2)
  A troll (D:9)
  Grinder (D:3)
  A blink frog (Lair:8)
  11 tarantella zombies (Spider:1)
  A yak (Lair:8)
  A basilisk (Lair:8)
  A spider (Lair:4)
  2 wasps (Lair:8)
  A crocodile (Lair:4)
  4 spider zombies (Spider:1)
  A scorpion (D:9)
  A sheep (Lair:6)
  A gnoll (D:3)
  4 river rats (Lair:8)
  A worm (Lair:8)
  A giant gecko (D:8)
  An orc (D:8)
  A giant newt (D:3)
46 creatures vanquished.

Vanquished Creatures (others)
  A hungry ghost (D:7)
  2 slaves (D:7)
  A jelly (D:7)
  A killer bee zombie (D:7)
  A river rat (Lair:1)
  31 fungi
  35 plants
72 creatures vanquished.

Grand Total: 843 creatures vanquished

Notes
Turn   | Place    | Note
--------------------------------------------------------------
     0 | D:1      | Mysteryquy the Demonspawn Berserker began the quest for the Orb.
     0 | D:1      | Reached XP level 1. HP: 18/18 MP: 1/1
    34 | D:1      | Gained mutation: You are surrounded by a mild repulsion field (EV +2). [demonic ancestry]
    34 | D:1      | Reached XP level 2. HP: 6/24 MP: 2/2
   569 | D:1      | Reached ** piety under Trog
   603 | D:1      | Reached XP level 3. HP: 20/29 MP: 3/3
   914 | D:1      | Reached skill level 4 in Axes
  1104 | D:2      | Found a stormy altar of Qazlal.
  1595 | D:2      | Found a glowing golden altar of the Shining One.
  1727 | D:3      | Reached XP level 4. HP: 30/35 MP: 4/4
  2003 | D:3      | Noticed Terence
  2012 | D:3      | Killed Terence
  2244 | D:3      | Reached skill level 5 in Axes
  2263 | D:3      | Noticed a giant frog
  2264 | D:3      | Noticed an ice beast
  2279 | D:3      | Killed a giant frog
  2279 | D:3      | Reached *** piety under Trog
  2279 | D:3      | Reached XP level 5. HP: 39/41 MP: 5/5
  2285 | D:3      | Killed an ice beast
  2285 | D:3      | Reached skill level 6 in Axes
  2285 | D:3      | Reached XP level 6. HP: 45/47 MP: 6/6
  2701 | D:3      | Noticed Sigmund
  2730 | D:3      | Killed Sigmund
  2730 | D:3      | Reached skill level 7 in Axes
  2871 | D:3      | Noticed Grinder
  2871 | D:3      | Paralysed by Grinder for 7 turns
  2899 | D:3      | Gained mutation: A weak demonic guardian rushes to your aid. [demonic ancestry]
  2899 | D:3      | Reached XP level 7. HP: 52/52 MP: 7/7
  2919 | D:3      | Killed Grinder
  3233 | D:4      | Reached skill level 8 in Axes
  4165 | D:5      | Entered Level 5 of the Dungeon
  4241 | D:5      | Noticed Mysteryquy's ghost (novice GrEE)
  4257 | D:5      | Killed Mysteryquy's ghost
  4257 | D:5      | Reached skill level 9 in Axes
  4257 | D:5      | Gained mutation: You are surrounded by a moderate repulsion field (EV +3). [demonic ancestry]
  4257 | D:5      | Reached XP level 8. HP: 50/58 MP: 8/8
  5332 | D:3      | Reached **** piety under Trog
  5611 | D:5      | Noticed Prince Ribbit
  5626 | D:5      | Killed Prince Ribbit
  5626 | D:5      | Reached skill level 10 in Axes
  6227 | D:6      | Noticed PossumBlood's ghost (novice MiFi)
  6241 | D:6      | Killed PossumBlood's ghost
  6241 | D:6      | Reached skill level 11 in Axes
  6241 | D:6      | Gained mutation: You are surrounded by a strong repulsion field (EV +4, rMsl). [demonic ancestry]
  6241 | D:6      | Reached XP level 9. HP: 63/63 MP: 9/9
  6613 | D:6      | Found a bloodstained altar of Trog.
  6615 | D:6      | Found a deep blue altar of Sif Muna.
  7072 | D:7      | Noticed Pikel
  7227 | D:7      | Killed Pikel
  7227 | D:7      | Reached skill level 12 in Axes
  7378 | D:7      | Noticed Duvessa
  7404 | D:7      | Killed Duvessa
  7415 | D:7      | Noticed Dowan
  7430 | D:7      | Killed Dowan
  7444 | D:7      | Noticed Menkaure
  7457 | D:7      | Killed Menkaure
  7794 | D:7      | Found a shadowy altar of Dithmenos.
  7848 | D:7      | Found a staircase to the Ecumenical Temple.
  7855 | Temple   | Entered the Ecumenical Temple
  8372 | D:8      | Reached skill level 13 in Axes
  8638 | D:8      | Reached XP level 10. HP: 70/70 MP: 10/10
  8686 | D:8      | Gained mutation: Your muscles are strong. (Str +2) [mutagenic meat]
  8687 | D:8      | Gained mutation: Your mind is acute. (Int +2) [mutagenic meat]
  8688 | D:8      | Gained mutation: You are frail (-10% HP). [mutagenic meat]
  8689 | D:8      | Lost mutation: Your mind is acute. (Int +2) [mutagenic meat]
  8803 | D:8      | Found Rabuttepp's Jewellery Shop.
  9183 | D:8      | Found a blossoming altar of Fedhas.
  9183 | D:8      | Found a snail-covered altar of Cheibriados.
  9286 | D:9      | Reached skill level 1 in Shields
  9475 | D:9      | Gained mutation: You can breathe flames. [mutagenic meat]
  9476 | D:9      | Gained mutation: You evolve. [mutagenic meat]
  9517 | D:9      | Received a gift from Trog
 10246 | D:9      | Reached skill level 5 in Shields
 10964 | D:10     | Entered Level 10 of the Dungeon
 10991 | D:10     | Reached ***** piety under Trog
 11460 | D:10     | Found Panta's Antique Armour Boutique.
 11460 | D:10     | Found a portal to a secret trove of treasure.
 11716 | D:10     | Bought a pair of runed gloves for 99 gold pieces
 11753 | D:10     | Reached skill level 14 in Axes
 11753 | D:10     | Reached XP level 11. HP: 67/67 MP: 11/11
 11961 | D:10     | Received a gift from Trog
 12011 | D:10     | Found a staircase to the Lair.
 12723 | D:8      | Bought an uncursed ring of poison resistance for 260 gold pieces
 12808 | Lair:1   | Entered Level 1 of the Lair of Beasts
 13123 | Lair:1   | Lost mutation: Your muscles are strong. (Str +2) [evolution]
 13620 | Lair:1   | Reached skill level 15 in Axes
 14145 | Lair:1   | Noticed a queen ant
 14160 | Lair:1   | Received a gift from Trog
 14206 | Lair:1   | Killed a queen ant
 14676 | Lair:2   | Noticed Sonja
 14689 | Lair:2   | Noticed Urug
 15482 | Lair:2   | Reached skill level 16 in Axes
 15666 | Lair:2   | Killed Urug
 15666 | Lair:2   | Gained mutation: Your flesh is cold resistant. [demonic ancestry]
 15666 | Lair:2   | Reached XP level 12. HP: 72/72 MP: 12/12
 16104 | Lair:3   | Found a staircase to the Swamp.
 16822 | Lair:3   | Noticed a five-headed hydra
 16845 | Lair:3   | Killed a one-headed hydra
 17591 | Lair:3   | Received a gift from Trog
 17594 | Lair:3   | Got a shimmering broad axe {god gift}
 17595 | Lair:3   | Identified the +10 broad axe of Terra Nullius {freeze, Dex+6} (Trog gifted it to you on level 3 of the Lair of Beasts)
 18274 | Lair:4   | Noticed a five-headed hydra
 18289 | Lair:4   | Killed a one-headed hydra
 18312 | Lair:4   | Found a hole to the Spider Nest.
 18501 | Lair:4   | Reached skill level 17 in Axes
 19605 | Lair:5   | Noticed a catoblepas
 19610 | Lair:5   | Killed a catoblepas
 19610 | Lair:5   | Gained mutation: You have a pair of small antennae on your head. [demonic ancestry]
 19610 | Lair:5   | Reached XP level 13. HP: 81/81 MP: 13/13
 19772 | Lair:5   | Noticed Josephine
 19778 | Lair:5   | Noticed Nessos
 19783 | Lair:5   | Noticed a seven-headed hydra
 20380 | Lair:5   | Reached skill level 18 in Axes
 20463 | Lair:5   | Killed Nessos
 20664 | Lair:5   | Killed a four-headed hydra
 20927 | Lair:5   | Killed Josephine
 20969 | Lair:6   | Found a runed door.
 20969 | Lair:6   | Found a viscous altar of Jiyva.
 21529 | Lair:6   | Found a staircase to the Slime Pits.
 21529 | Lair:6   | Noticed an acid blob
 21998 | Lair:7   | Reached ****** piety under Trog
 22013 | Lair:7   | Lost mutation: You are frail (-10% HP). [evolution]
 22150 | Lair:7   | Reached skill level 19 in Axes
 22364 | Lair:7   | Reached skill level 5 in Fighting
 22503 | Lair:7   | Received a gift from Trog
 23237 | Lair:8   | Entered Level 8 of the Lair of Beasts
 23679 | Lair:8   | Reached skill level 5 in Armour
 23679 | Lair:8   | Gained mutation: A demonic guardian rushes to your aid. [demonic ancestry]
 23679 | Lair:8   | Reached XP level 14. HP: 95/99 MP: 14/14
 23705 | Lair:8   | Found a runed door.
 24638 | Lair:8   | Received a gift from Trog
 26107 | Spider:1 | Entered Level 1 of the Spider Nest
 26568 | Spider:2 | Received a gift from Trog
 26584 | Spider:2 | Slain by a redback

Action                   |  1- 3 |  4- 6 |  7- 9 | 10-12 | 13-15 || total
-------------------------+-------+-------+-------+-------+-------++-------
Melee: Hand axe          |   197 |   127 |   599 |       |       ||   923
       War axe           |       |       |    23 |  1054 |     9 ||  1086
       Broad axe         |       |       |       |   145 |   622 ||   767
Invok: Berserk           |     1 |     4 |    10 |    16 |     2 ||    33
       Trog's Hand       |       |     1 |     1 |     6 |       ||     8
       Burn Spellbooks   |       |       |     1 |       |       ||     1
 Abil: Breathe Fire      |       |       |       |     1 |       ||     1
  Use: Scroll            |       |       |     5 |     7 |     7 ||    19
       Potion            |       |       |       |    13 |     1 ||    14
 Stab: Sleeping          |       |     1 |       |       |       ||     1
       Distracted        |       |       |     1 |     6 |     3 ||    10
  Eat: Chunk             |     3 |     7 |    26 |    44 |    13 ||    93
       Fruit             |       |     1 |     2 |     2 |     2 ||     7
       Beef jerky        |       |       |     1 |       |       ||     1
       Meat ration       |       |       |       |     3 |     1 ||     4
       Pizza             |       |       |       |     1 |       ||     1
       Bread ration      |       |       |       |       |     1 ||     1
